 Dungeon Crawl Stone Soup version 0.31.0-11-ge490571c62 (webtiles) character file.

Game seed: 10490044755965228654

100 qw the Shooter (level 4, 0/22 HPs)
             Began as a Spriggan Hunter on Feb 5, 2024.
             Succumbed to an adder's poison
             ... on level 2 of the Dungeon.
             The game lasted 00:00:35 (994 turns).

qw the Shooter (Spriggan Hunter)                     Turns: 994, Time: 00:00:36

Health: 0/22       AC:  2    Str:  7    XL:     4   Next: 47%
Magic:  5/5        EV: 20    Int: 10    God:
Gold:   104        SH:  0    Dex: 20    Spells: 3/3 levels left

rFire   . . .        a - +0 shortbow
rCold   . . .        (shield currently unavailable)
rNeg    . . .        c - +0 robe
rPois   .            (helmet restricted)
rElec   .            (no cloak)
rCorr   .            (gloves unavailable)
SInv    +            (boots unavailable)
Will    .....        (no amulet)
Stlth   ++           (no ring)
HPRegen 0.23/turn    (no ring)
MPRegen 0.09/turn

%: no passive effects
@: lethally poisoned (0 -> 0), very quick
A: very small, no large weapons, unfitting armour, see invisible, speed 3
a: no special abilities


You were on level 2 of the Dungeon.
You visited 1 branch of the dungeon, and saw 2 of its levels.

You collected 104 gold pieces.


Innate Abilities, Weirdness & Mutations

You are very small and have problems with some larger weapons.
You are too small for most types of armour.
You have supernaturally acute eyesight. (SInv)
You cover ground extremely quickly. (Speed+++)


   Skills:
 - Level 1.5 Fighting
 - Level 5.1 Ranged Weapons
 + Level 4.8 Dodging
 - Level 1.5 Stealth


You had 3 spell levels left.
You didn't know any spells.
Your spell library was empty.

Inventory:

Hand Weapons
 a - a +0 shortbow (weapon)
Armour
 c - a +0 robe (worn)
Wands
 d - a wand of polymorph (11)
Scrolls
 b - a scroll of identify {unknown}
Potions
 e - 2 potions of brilliance {unknown}
 f - a potion of ambrosia {unknown}
 g - a potion of invisibility {unknown}

Dungeon Overview and Level Annotations

Branches:
Dungeon (2/15)

Altars:


Message History

A bat comes into view.
You shoot an arrow. The arrow barely misses the adder.
You shoot an arrow. The arrow hits the adder.
The adder is moderately wounded.
The bat misses you. The adder misses you.
You shoot an arrow. The arrow barely misses the adder.
The bat hits you but does no damage. The adder bites you.
You shoot an arrow. The arrow hits the adder.
The adder is severely wounded.
The adder completely misses you. The bat hits you. The adder misses you.
You shoot an arrow. The arrow completely misses the adder.
The arrow hits the bat!
You kill the bat!
The adder bites you.
You are poisoned.
The adder poisons you!
You shoot an arrow. The arrow hits the adder.
The adder is almost dead.
You feel sick. The adder misses you. The adder bites you.
You are more poisoned.
The adder poisons you!
You shoot an arrow. The arrow misses the adder.
You feel very sick. The adder bites you.
You shoot an arrow. The arrow barely misses the adder.
You feel very sick. The adder bites you.
You shoot an arrow. The arrow hits the adder.
You kill the adder!
You feel sick.
There is a lethal amount of poison in your body!
You feel sick.
There is a lethal amount of poison in your body!
You feel sick.
There is a lethal amount of poison in your body!
You feel sick.
There is a lethal amount of poison in your body!
You feel sick.
There is a lethal amount of poison in your body!
You die...

..........# ..##(##.
###.####### #......
#...# #.##....# # #...#
##.#.#.##.#
#...#####.......#.#!.
##.....%....#........ ..
.........#..#.#..###....
................%.......
.........#..#.#.@###..
##...#####..#.#..#
#.....................
#.[.########....######
##...# ####.# #...## #.#
..### #.# #.# ...
#.########### .#


There were no monsters in sight!

Vanquished Creatures
  4 adders (D:2)
  A dart slug (D:1)
  11 ball pythons
  8 bats
  An endoplasm (D:1)
  5 giant cockroaches
  A goblin (D:2)
  7 hobgoblins
  7 jackals
  A kobold (D:1)
  2 quokkas (D:1)
  A frilled lizard (D:1)
  5 rats
54 creatures vanquished.

Notes
Turn   | Place    | Note
-------+----------+-------------------------------------------
     0 | D:1      | qw the Spriggan Hunter began the quest for the Orb.
     0 | D:1      | Reached XP level 1. HP: 10/10 MP: 2/2
     0 | D:1      | 0 ||| qw: Version: 0.3-a-160-g6735b56
     0 | D:1      | 0 ||| qw: Game counter: 6510
     0 | D:1      | 0 ||| qw: Melee chars always use a shield: true
     0 | D:1      | 0 ||| qw: God list: Okawaru
     0 | D:1      | 0 ||| qw: Allow faded altars: false
     0 | D:1      | 0 ||| qw: Do Orc after clearing Dungeon:15 true
     0 | D:1      | 0 ||| qw: Do second Lair branch before Depths: true
     0 | D:1      | 0 ||| qw: Lair rune preference: random
     0 | D:1      | 0 ||| qw: Goals: Normal
     0 | D:1      | 0 ||| PLANNING D:1-11
    45 | D:1      | Reached skill level 3 in Dodging
    81 | D:1      | Reached XP level 2. HP: 14/14 MP: 3/3
   297 | D:1      | Reached XP level 3. HP: 14/18 MP: 4/4
   449 | D:1      | 449 ||| READING 2 scrolls labelled JEIWOYSMIPH.
   450 | D:1      | 450 ||| READING scroll labelled CUARYNKUSCH.
   451 | D:1      | 451 ||| DROPPING scroll of butterflies.
   452 | D:1      | 452 ||| DROPPING scroll of immolation.
   621 | D:2      | 621 ||| FLEEEEING.
   624 | D:2      | 624 ||| FLEEEEING.
   625 | D:2      | 625 ||| FLEEEEING.
   714 | D:2      | Reached skill level 5 in Ranged Weapons
   724 | D:2      | Reached XP level 4. HP: 22/22 MP: 5/5
   989 | D:2      | HP: 5/22 [poisoned by an adder]
   992 | D:2      | HP: 2/22 [poisoned by an adder]
   994 | D:2      | Succumbed to an adder's poison

Levels and vault maps discovered:
D:1:      nicolae_arrival_memento_mori, layout_rooms, st_stairs_13,
          minmay_ruptured
D:2:      layout_loops_cross, minivault_23

Skill      XL: |  1  2  3 |
---------------+----------+-----
Dodging        | 3 4 |  4.8
Ranged Weapons | 5 |  5.1
Fighting       | |  1.5
Stealth        | |  1.5

Action                     |  1- 3 |  4- 6 || total
---------------------------+-------+-------++-------
   Fire: Shortbow          |    98 |    40 ||   138
    Use: Scroll            |     2 |       ||     2
 Armour: Robe              |    12 |     7 ||    19
  Dodge: Dodged            |    33 |    16 ||    49

Table legend:
 A = Non-vault XP
 B = Vault XP
 C = Vault XP percentage of total XP
 D = Non-vault monster count
 E = Vault monster count
 F = Vault count percentage of total count
                 A         B        C        D         E       F
            +---------+---------+-------+---------+---------+-------
      Total |     136 |       8 |   5.6 |      50 |       4 |   7.4
            +---------+---------+-------+---------+---------+-------
        D:1 |      44 |       8 |  15.4 |      24 |       4 |  14.3
        D:2 |      92 |       0 |   0.0 |      26 |       0 |   0.0
            +---------+---------+-------+---------+---------+-------
